 Dungeon Crawl Stone Soup version 0.30.1-1-g62c8e00024 (webtiles) character file.

Game seed: 16071144018674933897

331 Gorgoleon the Slasher (level 6, -2/47 HPs)
             Began as a Merfolk Gladiator on July 17, 2023.
             Slain by Pikel
             ... wielding a +2 whip of freezing
              (5 damage)
             ... on level 4 of the Dungeon.
             The game lasted 00:15:29 (3569 turns).

Gorgoleon the Slasher (Merfolk Gladiator)           Turns: 3569, Time: 00:15:29

Health: -2/47      AC: 12    Str: 11 (14) XL:     6   Next: 52%
Magic:  6/6        EV: 13    Int:  5 (8)  God:
Gold:   239        SH:  4    Dex: 16 (17) Spells: 5/5 levels left

rFire   . . .        a - +1 long sword (protect)
rCold   . . .        m - +0 buckler
rNeg    . . .        b - +0 leather armour
rPois   .            c - +0 helmet
rElec   .            B - +0 cloak
rCorr   .            (no gloves)
SInv    .            (no boots)
Will    .....        (no amulet)
Stlth   +            (no ring)
HPRegen 0.27/turn    (no ring)
MPRegen 0.10/turn

%: no passive effects
@: under a protective aura
A: (nimble swimmer 2), mertail
a: no special abilities


You were on level 4 of the Dungeon.
You visited 1 branch of the dungeon, and saw 4 of its levels.

You collected 239 gold pieces.

Inventory:

Hand Weapons
 a - a +1 long sword of protection (weapon)
 u - a +2 dagger of venom
Missiles
 d - 3 throwing nets
 e - a javelin
 j - 25 stones (quivered)
Armour
 b - a +0 leather armour (worn)
 c - a +0 helmet (worn)
 m - a +0 buckler (worn)
 p - the +0 leather armour of the Midnight Sun {Str+4 Dex-4 Slay+2}
   (You found it on level 2 of the Dungeon)

   Str:       It affects your strength (+4).
   Dex:       It affects your dexterity (-4).
   Slay:      It affects your accuracy & damage with ranged weapons and melee
   (+2).
 B - a +0 cloak (worn)
 C - a +2 scale mail of willpower
Jewellery
 n - an amulet of faith
Wands
 f - a wand of charming (11)
Scrolls
 x - a scroll of fog
Potions
 h - a potion of magic
 i - a potion of curing
 k - a potion of brilliance
 r - 2 potions of degeneration
 w - a potion of mutation
 z - 2 potions of attraction
 A - a potion of lignification


   Skills:
 - Level 3.0 Fighting
 + Level 6.3 Long Blades
 - Level 2.0 Throwing
 - Level 2.0 Armour
 - Level 5.0 Dodging
 * Level 2.0 Shields


You had 5 spell levels left.
You didn't know any spells.
Your spell library was empty.

Dungeon Overview and Level Annotations

Branches:
Dungeon (4/15)
 Temple: D:4-7

Altars:
Sif Muna

Shops:
D:2 =   D:4 [

Annotations:
D:4 Pikel


Innate Abilities, Weirdness & Mutations

((You are very nimble when in or above water. (Stealth+, EV+, Speed+++)))
Your lower body shifts to a powerful aquatic tail in water.


Message History

Pikel freezes you.
You bump into the rock wall.
Pikel barely misses you.
You barely miss Pikel.
Pikel is heavily wounded.
Pikel says, "You'll make a fine lemure."
Pikel hits you but does no damage.
You bump into the rock wall.
Pikel hits you with a +2 whip of freezing.
Pikel freezes you.
You bump into the rock wall.
You feel less invigorated.
You feel less confused.
Pikel hits you with a +2 whip of freezing!
Pikel freezes you.
You hit Pikel.
Your weapon exudes an aura of protection.
Pikel is heavily wounded.
Pikel barely misses you.
You barely miss Pikel.
Pikel is heavily wounded.
Pikel hits you with a +2 whip of freezing!
Pikel freezes you.
You hit Pikel.
Pikel is heavily wounded.
Pikel hits you with a +2 whip of freezing.
Pikel freezes you.
You hit Pikel.
Pikel is heavily wounded.
Pikel hits you but does no damage. x2
You hit Pikel.
Pikel is heavily wounded.
Pikel hits you with a +2 whip of freezing!
* * * LOW HITPOINT WARNING * * *
Pikel freezes you.
* * * LOW HITPOINT WARNING * * *
You closely miss Pikel.
Pikel is heavily wounded.
Pikel hits you with a +2 whip of freezing!
* * * LOW HITPOINT WARNING * * *
Pikel freezes you.
You die...

######### .... #...##...
.... #...#.... .....
#...#.... .....
#...'.... ...?..
.....##..#####
......#####.....#..###..
.....5K...#.....#.......
#@..#.....#.......
#...#.....#.......
#...#.....#.......
#...#.....#.......
#...#.....#.......
#...#.....'.......
#...#.....########
#####...#.............
#.......#.............


You could see Pikel and a lemure.

Vanquished Creatures
  3 lemures (D:4)
  Jessica (D:2)
  2 iguanas (D:4)
  Terence (D:2)
  An orc wizard (D:4)
  8 adders
  4 gnolls (D:2)
  An ufetubus (D:4)
  A worm (D:3)
  4 dart slugs
  3 orcs
  2 ball pythons
  10 endoplasms
  3 giant cockroaches
  6 goblins
  6 hobgoblins
  2 jackals (D:2)
  5 quokkas
  2 bats (D:1)
  9 frilled lizards
  8 kobolds
  6 rats
88 creatures vanquished.

Notes
Turn   | Place    | Note
-------+----------+-------------------------------------------
     0 | D:1      | Gorgoleon the Merfolk Gladiator began the quest for the
                  | Orb.
     0 | D:1      | Reached XP level 1. HP: 16/16 MP: 1/1
    66 | D:1      | Reached skill level 4 in Long Blades
    66 | D:1      | Reached XP level 2. HP: 22/22 MP: 2/2
   332 | D:1      | Reached XP level 3. HP: 26/28 MP: 3/3
   704 | D:2      | Reached skill level 1 in Armour
   815 | D:2      | Identified the +0 leather armour of the Midnight Sun {Str+4
                  | Dex-4 Slay+2}
   889 | D:2      | Reached XP level 4. HP: 34/34 MP: 4/4
   968 | D:2      | Found a faded altar of an unknown god.
  1000 | D:2      | Reached skill level 5 in Long Blades
  1157 | D:2      | Reached skill level 1 in Shields
  1273 | D:2      | Reached XP level 5. HP: 38/39 MP: 5/5
  1323 | D:2      | Noticed Jessica
  1328 | D:2      | Killed Jessica
  1479 | D:2      | Noticed Terence
  1497 | D:2      | Killed Terence
  1734 | D:2      | Found Qeta's Jewellery Shoppe.
  2255 | D:3      | Reached XP level 6. HP: 36/46 MP: 6/6
  2382 | D:3      | Found a faded altar of an unknown god.
  2386 | D:3      | Found a shimmering blue altar of Sif Muna.
  2996 | D:4      | Found Vealaj's Armour Shoppe.
  3142 | D:4      | Reached skill level 6 in Long Blades
  3190 | D:4      | Noticed Pikel
  3371 | D:4      | Reached skill level 5 in Dodging
  3569 | D:4      | Slain by Pikel

Illustrated notes

Levels and vault maps discovered:
D:1:      eino_arrival_water_star, layout_rooms
D:2:      layout_basic, hellmonk_ecumenical_altar_crossroads, serial_shops,
          nicolae_shop_trees, uniq_terence, uniq_jessica
D:3:      layout_loops_ring, nicolae_overflow_ecumenical_swirl
D:4:      layout_gridville, lemuel_temple_firewalk_a,
          lightli_ossuary_entry_decrepit_ruins, serial_shops,
          nicolae_shop_rolling_square, kennysheep_generic_room_9, uniq_pikel

Skill      XL: |  1  2  3  4  5  6 |
---------------+-------------------+-----
Long Blades    | 4 5 6 |  6.3
Armour         | 1 2 |  2.0
Shields        | 1 2 |  2.0
Fighting       | 3 |  3.0
Dodging        | 5 |  5.0
Throwing       | |  2.0

Action                     |  1- 3 |  4- 6 || total
---------------------------+-------+-------++-------
  Melee: Long sword        |    88 |   227 ||   315
         Punch             |     1 |     1 ||     2
  Throw: Stone             |       |     2 ||     2
    Use: Scroll            |       |    13 ||    13
         Potion            |       |     5 ||     5
   Stab: Sleeping          |     1 |     1 ||     2
 Armour: Leather armour    |    15 |    49 ||    64
  Dodge: Dodged            |    60 |   120 ||   180
  Block: Buckler           |       |    30 ||    30
